 Dungeon Crawl Stone Soup version 0.31-a0-1616-gbeaec30b81 (webtiles) character file.

Game seed: 6152443653546932642

1775 cforsyth the Ducker (level 9, -3/67 HPs)
             Began as a Djinni Enchanter on Jan 10, 2024.
             Was an Initiate of Qazlal.
             Slain by a sky beast (5 damage)
             ... on level 6 of the Dungeon.
             The game lasted 00:19:37 (7315 turns).

cforsyth the Ducker (Djinni Enchanter)              Turns: 7315, Time: 00:19:38

Health: -3/67      AC:  3    Str:  7    XL:     9   Next: 28%
Gold:   288        EV: 15    Int: 21    God:    Qazlal [......] SH:  5 Dex: 14

rFire   + + .        d - +4 mace
rCold   x . .        (no shield)
rNeg    . . .        b - +0 robe
rPois   ∞            (no helmet)
rElec   .            w - +0 cloak
rCorr   .            (no gloves)
SInv    .            (boots unavailable)
Will    .....        n - amulet of reflection
Stlth   ++           (no ring)
HPRegen 0.31/turn    (no ring)
MPRegen 0.00/turn

%: reflection, infuse magic (-4 HP)
@: flying, studying Evocations, invisible
A: sickness immunity, fire resistance 2, cold vulnerability 1, float, innate
caster, HP casting, extra vitality 1
a: Renounce Religion


You were on level 6 of the Dungeon.
You worshipped Qazlal.
Qazlal was noncommittal.
You visited 2 branches of the dungeon, and saw 7 of its levels.
You also visited: Sewer.

You collected 288 gold pieces.

Inventory:

Hand Weapons
 a - a +1 dagger
 d - a +4 mace (weapon)
Armour
 b - a +0 robe (worn)
 w - a +0 cloak (worn)
Jewellery
 n - an amulet of reflection (around neck)
 r - a ring of positive energy
 y - a +6 ring of strength
Wands
 t - a wand of flame (27)
Scrolls
 e - 2 scrolls of butterflies {unknown}
 f - a scroll of amnesia {unknown}
 g - 3 scrolls of identify {unknown}
 i - a scroll of revelation {unknown}
 k - 2 scrolls of fear {unknown}
 m - 2 scrolls of vulnerability {unknown}
 p - a scroll of fog {unknown}
 v - 2 scrolls of blinking {unknown}
 x - a scroll of teleportation {unknown}
 z - a scroll of enchant weapon {unknown}
Potions
 c - 2 potions of invisibility
 h - a potion of mutation {unknown}
 j - 2 potions of magic {unknown}
 l - 3 potions of brilliance {unknown}
 o - 2 potions of berserk rage {unknown}
 q - 2 potions of heal wounds {unknown}
 s - 3 potions of lignification {unknown}
 u - 3 potions of curing {unknown}
 A - a potion of degeneration {unknown}


   Skills:
 + Level 6.4 Fighting
 - Level 0.8 Short Blades
 + Level 7.5 Dodging
 - Level 2.4 Stealth
 + Level 5.9 Spellcasting
 + Level 5.9 Conjurations
 + Level 5.9 Hexes
 + Level 5.9 Summonings
 + Level 5.9 Necromancy
 + Level 5.9 Translocations
 + Level 5.9 Fire Magic
 + Level 5.9 Ice Magic
 + Level 5.9 Air Magic
 + Level 5.9 Earth Magic
 + Level 5.9 Alchemy


You knew the following spells:

 Your Spells              Type           Power      Damage    Failure   Level
a - Ensorcelled Hibernat  Hex/Ice        62%        N/A       1%          2
b - Confusing Touch       Hex            31%        N/A       2%          3
c - Tukima's Dance        Hex            31%        N/A       2%          3
d - Dazzling Flash        Conj/Hex       62%        N/A       2%          3
e - Freeze                Ice            100%       1d10      1%          1
f - Jinxbite              Hex            62%        N/A       1%          2
g - Inner Flame           Hex/Fire       31%        N/A       2%          3
h - Olgreb's Toxic Radia  Alch           31%        N/A       9%          4
Your spell library was empty.

Dungeon Overview and Level Annotations

Branches:
Dungeon (6/15)             Temple (1/1) D:5           Sewer (visited)

Altars:
Ashenzari
Cheibriados
Elyvilon
Fedhas
Hepliaklqana
Makhleb
Nemelex Xobeh
Okawaru
Qazlal
Ru
Trog
Uskayaw
Wu Jian
Xom

Annotations:
D:5 Grinder


Innate Abilities, Weirdness & Mutations

You are immune to sickness and miasma.
You are immune to poison.
Your flesh is very heat resistant. (rF++)
You are vulnerable to cold. (rC-)
You float through the air rather than walking.
You learn spells naturally, not from books.
Your magical power is your life essence.
You have superior vitality. (+4 MHP)


Message History

No target in view!
No target in view!
No target in view!
No target in view!
You sock something! Something hits you. Something shocks you.
You hit something. Something hits you. Something shocks you.
Something barely misses you.
You barely miss something. You punch something.
A sky beast appears from thin air!
Reactivating autopickup.
The sky beast hits you. The sky beast shocks you.
You hit the sky beast.
The sky beast is heavily wounded.
You block the sky beast's attack.
The sky beast hits you but does no damage.
You hit the sky beast.
The sky beast is severely wounded.
The sky beast hits you. The sky beast shocks you.
You hit the sky beast but do no damage.
The sky beast is severely wounded.
The sky beast flickers out of sight!
Deactivating autopickup; reactivate with Ctrl-A.
You block something's attack.
You miss something. Something hits you. Something shocks you.
Something barely misses you.
You closely miss something. Something hits you. Something shocks you.
* * * LOW HITPOINT WARNING * * *
You hit something. Something hits you.
* * * LOW HITPOINT WARNING * * *
Something shocks you.
* * * LOW HITPOINT WARNING * * *
Something hits you.
* * * LOW HITPOINT WARNING * * *
Something shocks you.
* * * LOW HITPOINT WARNING * * *
You fade into invisibility!
Something hits you.
* * * LOW HITPOINT WARNING * * *
Something shocks you.
You die...

......†...# #.#
#############.####.#
###
#................#.#
#.#
#.#########.#.##.#.#
#.# #.#
........#.##.#.# #.#
#.# #######.#.##.#.#
#.# #.# #.#.#..#.#
#.# #.# #.#.##.#.#
#.# #.#
#.#.##@#.#######.#
..#
..#.##{#.........#
### ###
#.########### #.#
#.# ..# #.# ###


There were no monsters in sight!

Vanquished Creatures
  Prince Ribbit (Temple)
  A black bear (D:6)
  An ogre (D:4)
  A centaur (D:5)
  3 kobold brigands
  2 brain worms (Sewer)
  A bullfrog (D:4)
  2 scorpions
  A hound (D:4)
  An orc priest (D:4)
  2 iguanas
  A sleepcap (D:5)
  12 gnolls
  11 adders
  4 river rats (Sewer)
  A shadow imp (D:6)
  2 white imps
  2 dart slugs
  3 ribbon worms (D:3)
  18 orcs
  6 ball pythons
  7 bats
  8 endoplasms
  4 giant cockroaches
  6 goblins
  6 hobgoblins
  12 jackals
  6 quokkas
  9 frilled lizards
  24 kobolds
  8 rats
166 creatures vanquished.

Vanquished Creatures (collateral kills)
  An ogre (D:4)
  A kobold brigand (Sewer)
  An orc wizard (D:4)
  3 gnolls
6 creatures vanquished.

Vanquished Creatures (others)
  4 dancing weapons
4 creatures vanquished.

Grand Total: 176 creatures vanquished

Notes
Turn   | Place    | Note
-------+----------+-------------------------------------------
     0 | D:1      | cforsyth the Djinni Enchanter began the quest for the Orb.
     0 | D:1      | cforsyth set off with the following spells memorised:
                  | Ensorcelled Hibernation, Confusing Touch, Tukima's Dance,
                  | Dazzling Flash.
     0 | D:1      | Reached XP level 1. HP: 15/15 MP: 0/0
    24 | D:1      | You are sucked into a shaft and drop 1 floor!
   119 | D:2      | Reached XP level 2. HP: 22/22 MP: 0/0
   178 | D:2      | Reached skill level 1 in Fighting
   220 | D:2      | Reached XP level 3. HP: 27/27 MP: 0/0
   220 | D:2      | Learned a level 1 spell: Freeze
   461 | D:2      | Found a faded altar of an unknown god.
   620 | D:1      | Reached skill level 3 in Dodging
   686 | D:1      | Reached XP level 4. HP: 25/33 MP: 0/0
  1345 | D:3      | Noticed a scorpion
  1355 | D:3      | Killed a scorpion
  1356 | D:3      | Reached XP level 5. HP: 34/39 MP: 0/0
  1356 | D:3      | Learned a level 2 spell: Jinxbite
  1422 | D:3      | Found a glowing drain.
  1426 | Sewer    | Entered a sewer
  1549 | Sewer    | Reached skill level 4 in Dodging
  1549 | Sewer    | Reached XP level 6. HP: 15/45 MP: 0/0
  2349 | Sewer    | Reached XP level 7. HP: 45/50 MP: 0/0
  2349 | Sewer    | Learned a level 3 spell: Inner Flame
  2453 | Sewer    | Reached skill level 5 in Dodging
  3801 | D:4      | Reached XP level 8. HP: 51/58 MP: 0/0
  4296 | D:4      | Reached skill level 6 in Dodging
  4355 | D:4      | Reached skill level 5 in Spellcasting
  4355 | D:4      | Reached skill level 5 in Conjurations
  4355 | D:4      | Reached skill level 5 in Hexes
  4355 | D:4      | Reached skill level 5 in Summonings
  4355 | D:4      | Reached skill level 5 in Necromancy
  4355 | D:4      | Reached skill level 5 in Translocations
  4355 | D:4      | Reached skill level 5 in Fire Magic
  4355 | D:4      | Reached skill level 5 in Ice Magic
  4355 | D:4      | Reached skill level 5 in Air Magic
  4355 | D:4      | Reached skill level 5 in Earth Magic
  4355 | D:4      | Reached skill level 5 in Alchemy
  4493 | D:4      | Reached skill level 5 in Fighting
  4891 | D:5      | Entered Level 5 of the Dungeon
  5101 | D:5      | Noticed Grinder
  5269 | D:5      | Found a staircase to the Ecumenical Temple.
  5285 | Temple   | Entered the Ecumenical Temple
  5321 | Temple   | Became a worshipper of Qazlal Stormbringer
  5331 | D:5      | Noticed Prince Ribbit
  5556 | Temple   | Killed Prince Ribbit
  5557 | Temple   | Reached XP level 9. HP: 44/66 MP: 0/0
  5557 | Temple   | Learned a level 4 spell: Olgreb's Toxic Radiance
  5745 | D:5      | Paralysed by Grinder for 5 turns
  5934 | D:5      | Paralysed by Grinder for 3 turns
  6275 | D:6      | Reached skill level 7 in Dodging
  7315 | D:6      | HP: 2/67 [something (3)]
  7315 | D:6      | Slain by a sky beast

Illustrated notes

Levels and vault maps discovered:
D:1:      scummos_arrival_star, layout_rooms, patterned_corridor
D:2:      layout_rooms, shapermc_ecumenical_altar_pompeii,
          kennysheep_generic_room_10
D:3:      layout_basic, gup_sewer_entry_bowl, minmay_misc_feat_secret_circle
D:4:      layout_loops_ring, minmay_manual_mandibuliform
D:5:      lemuel_insect_pit, layout_cave_pools, jmf_multi_god_temple2,
          minmay_temple_entry_glass, uniq_prince_ribbit1, uniq_grinder
D:6:      layout_basic, grunt_ministairs_1
Temple:   sentei_temple_godly_chess

Skill      XL: |  1  2  3  4  5  6  7  8  9 |
---------------+----------------------------+-----
Spellcasting   | 3 4 5 |  5.9
Conjurations   | 3 4 5 |  5.9
Hexes          | 3 4 5 |  5.9
Summonings     | 3 4 5 |  5.9
Necromancy     | 3 4 5 |  5.9
Translocations | 3 4 5 |  5.9
Fire Magic     | 3 4 5 |  5.9
Ice Magic      | 3 4 5 |  5.9
Air Magic      | 3 4 5 |  5.9
Earth Magic    | 3 4 5 |  5.9
Alchemy        | 3 4 5 |  5.9
Fighting       | 1 2 3 4 5 6 |  6.4
Dodging        | 3 4 5 6 7 |  7.5
Short Blades   | |  0.8
Stealth        | |  2.4

Action                     |  1- 3 |  4- 6 |  7- 9 || total
---------------------------+-------+-------+-------++-------
  Melee: Dagger            |    22 |       |       ||    22
         Mace              |    57 |    88 |   218 ||   363
         Punch             |       |     1 |     5 ||     6
   Cast: Freeze            |       |    39 |    67 ||   106
         Tukima's Dance    |       |       |    33 ||    33
         Inner Flame       |       |       |     3 ||     3
         Ensorcelled Hiber |       |       |     2 ||     2
         Confusing Touch   |       |       |     3 ||     3
         Jinxbite          |       |       |     2 ||     2
         Olgreb's Toxic Ra |       |       |     6 ||     6
  Evoke: Wand              |       |       |     9 ||     9
    Use: Potion            |       |       |     1 ||     1
   Stab: Distracted        |     2 |       |       ||     2
         Sleeping          |     2 |     5 |     8 ||    15
 Armour: Robe              |    40 |    62 |   157 ||   259
  Dodge: Dodged            |    56 |    88 |   202 ||   346
  Block: Other             |       |    30 |    61 ||    91
         Reflection        |       |       |     2 ||     2

Table legend: (Time is in decaauts)
 A = Elapsed time spent in this place.
 B = Non-inter-level travel time spent in this place.
 C = Inter-level travel time spent in this place.
 D = Time resting spent in this place.
 E = Time spent auto-exploring this place.
 F = Levels seen in this place.
 G = Mean time per level.
                   A        B        C        D        E       F      G
               +--------+--------+--------+--------+--------+-----+--------+
         Total |   7464 |   7255 |    209 |   1687 |   3772 |   8 |  933.0 |
       Dungeon |   5573 |   5369 |    204 |    667 |   3219 |   6 |  928.8 |
        Temple |    605 |    600 |      5 |    550 |      0 |   1 |  605.0 |
         Sewer |   1284 |   1284 |      0 |    470 |    553 |   1 | 1284.0 |
               +--------+--------+--------+--------+--------+-----+--------+

Top non-repeatable levels by time:
     D:4: 1395 daAuts
   Sewer: 1284 daAuts
     D:3: 1247 daAuts
     D:6: 1224 daAuts
     D:2: 628 daAuts
  Temple: 605 daAuts
     D:1: 602 daAuts
     D:5: 474 daAuts
